 Dungeon Crawl Stone Soup version 0.29-a0-275-g389c0b56f3 (webtiles) character file.

Game seed: 15513909907105950696

252 Krypt the Slasher (level 5, -1/27 (42) HPs)
             Began as a Demonspawn Chaos Knight on Mar 9, 2022.
             Was a Plaything of Xom.
             Slain by an ogre
             ... wielding a +0 giant spiked club
              (11 damage)
             ... on level 3 of the Dungeon on Mar 10, 2022.
             The game lasted 00:16:25 (2884 turns).

Krypt the Slasher (Demonspawn Chaos Knight)         Turns: 2884, Time: 00:16:26

HP:   -1/27 (42)    AC:  6    Str: 14    XL:     5   Next: 89%
MP:   5/5           EV:  4    Int: 20    God:    Xom [......]
Gold: 93            SH:  0    Dex: 10    Spells: 3/4 levels left

rFire   . . .      SeeInvis .   a - +0 falchion (chaos)
rCold   . . .      Faith    .   (no shield)
rNeg    . . .      Spirit   .   r - +0 plate armour
rPois   .          Reflect  .   (no helmet)
rElec   .          Harm     .   (no cloak)
rCorr   .          Rampage  .   (no gloves)
Will    .....                   (no boots)
Stlth   ..........              (no amulet)
HPRegen 0.09/turn               m - +6 ring of intelligence
MPRegen 0.09/turn               (no ring)

@: very heavily drained
A: claws 1, weakness stinger 1, clumsy 1, deformed body, screaming 1
a: Renounce Religion


You were on level 3 of the Dungeon.
You worshipped Xom.
You were a very special plaything of Xom.
You visited 1 branch of the dungeon, and saw 3 of its levels.

You collected 93 gold pieces.

Inventory:

Hand Weapons
 a - a +0 falchion of chaos (weapon)
Missiles
 f - 118 stones (quivered)
Armour
 b - a +2 leather armour
 g - a +0 ring mail
 n - a +0 scale mail
 r - a +0 plate armour (worn)
Magical Staves
 l - a staff of death
Jewellery
 m - a +6 ring of intelligence (left claw)
Scrolls
 h - a scroll of immolation
 i - a scroll of magic mapping {unknown}
 j - a scroll of fog {unknown}
 p - a scroll of enchant weapon {unknown}
 q - 3 scrolls of blinking {unknown}
 s - a scroll of vulnerability {unknown}
 u - a scroll of brand weapon {unknown}
Potions
 d - a potion of invisibility
 e - a potion of ambrosia {unknown}
 k - a potion of might {unknown}
 o - a potion of berserk rage {unknown}
 t - a potion of heal wounds {unknown}
 v - a potion of haste {unknown}
Miscellaneous
 c - a piece from Xom's chessboard (15/15)


   Skills:
 + Level 4.0 Fighting
 + Level 4.5 Long Blades
 + Level 0.2 Throwing
 + Level 3.2 Armour
 + Level 1.0 Dodging
 + Level 0.5 Stealth
 + Level 0.3 Spellcasting


You had 3 spell levels left.
You knew the following spells:

 Your Spells              Type           Power      Damage    Failure   Level
a - Magic Dart            Conj           0%         1d3       100%        1

Your spell library contained the following spells:

 Spells                   Type           Power      Damage    Failure   Level
 Sting                    Tmut/Pois      0%         1d3       100%        1
 Call Imp                 Summ           0%         N/A       100%        2
 Ensorcelled Hibernation  Hex/Ice        0%         N/A       100%        2
 Passwall                 Tmut/Erth      0%         N/A       100%        2
 Poisonous Vapours        Pois/Air       0%         N/A       100%        2
 Mephitic Cloud           Conj/Pois/Air  0%         N/A       100%        3
 Swiftness                Air            0%         N/A       100%        3
 Olgreb's Toxic Radiance  Pois           0%         N/A       100%        4


Dungeon Overview and Level Annotations

Branches:
Dungeon (3/15)

Altars:

Shops:
D:1 [   D:2 :


Innate Abilities, Weirdness & Mutations

You have sharp fingernails.
You have a small tail.
You are clumsy. (Dex -2)
Armour fits poorly on your strangely shaped body.
You occasionally shout uncontrollably at your foes.


Message History

You enter the shallow water.
Moving in this stuff is going to be slow.
You enter the shallow water.
Moving in this stuff is going to be slow. "Let me alter your body."
Your body is suffused with distortional energy.
Your body twists and deforms.
Your bones become slightly less dense.
Your skeletal structure returns to normal.
You feel clumsy.
Okay, then.
You pick up a Young Poisoner's Handbook and begin reading...
You add the spells Sting, Poisonous Vapours and Olgreb's Toxic Radiance to your library.
Xom's power touches on you for a moment.
You feel drained.
v - a glowing yellow potion You enter the shallow water.
Moving in this stuff is going to be slow.
An ogre comes into view. It is wielding a +0 giant spiked club.
Found a scroll labelled ZUSEPASEYSIN.
The ogre shouts!
The ogre moves out of view.
An orc comes into view. It is wielding a +0 dagger of draining.
Found a scroll of identify.
The ogre completely misses you.
You hit the ogre.
The ogre is moderately wounded.
The ogre hits you with a +0 giant spiked club!
Ouch! That really hurt!
You hit the ogre. You burn the ogre.
The ogre is moderately wounded.
You barely miss the ogre.
The ogre is moderately wounded.
The ogre barely misses you. The orc hits you but does no damage.
You feel drained.
The orc hits you with a +0 dagger of draining.
You feel drained.
You hit the ogre but do no damage.
The ogre is moderately wounded.
The ogre hits you with a +0 giant spiked club!
You die...
Xom chuckles heartily!

.#..####.## ..#...#
.# #.##### #.#...#..
#(..#
#####.....#.#######.#
#................§..#
##
#.........#.#########
#. #..?......# ### #.
.......o..# #.. #.
......O@..# #
#.######. ......#.###
#.#.#...... .....
#..##..#.#.#.#.[..
....
##.##......#.#.#.)
..? #.##.##.#)†......
≈♣ #.PP..#.#.#......
#.≈♣≈≈#.#.#......
#.♣≈≈≈#.#.#......
##≈P.#....#......


You could see an ogre and an orc.

Vanquished Creatures
  Sigmund (D:2)
  4 adders
  A gnoll (D:3)
  A worm (D:2)
  A dart slug (D:2)
  2 orcs (D:3)
  A bat (D:1)
  8 endoplasms
  A giant cockroach (D:3)
  5 goblins
  3 hobgoblins
  5 ball pythons
  3 frilled lizards
  2 kobolds
  6 rats
44 creatures vanquished.

Notes
Turn   | Place    | Note
-------+----------+-------------------------------------------
     0 | D:1      | Krypt the Demonspawn Chaos Knight began the quest for the
                  | Orb.
     0 | D:1      | Reached XP level 1. HP: 18/18 MP: 1/1
     0 | D:1      | Noticed a merfolk zombie
     1 | D:1      | Noticed a barachi
     5 | D:1      | Noticed a draconian
    10 | D:1      | Noticed a tengu
    10 | D:1      | Noticed a merfolk
    12 | D:1      | Noticed a gargoyle
    15 | D:1      | Noticed a minotaur skeleton
    17 | D:1      | Noticed a merfolk zombie
    19 | D:1      | Noticed an elf
    19 | D:1      | Noticed a gargoyle
    74 | D:1      | XOM: divination: detect creatures
   245 | D:1      | Noticed a golden eye
   248 | D:1      | Found a faded altar of an unknown god.
   251 | D:1      | Noticed an eye of devastation
   253 | D:1      | Noticed a golden eye
   253 | D:1      | Noticed a golden eye
   335 | D:1      | Discovered your monstrous ancestry.
   335 | D:1      | Gained mutation: You have a small tail. [demonic ancestry]
   335 | D:1      | Reached XP level 2. HP: 16/24 MP: 2/2
   725 | D:1      | Found Okymud's Antique Armour Shop.
   991 | D:2      | Learned a level 1 spell: Magic Dart
  1161 | D:2      | Reached XP level 3. HP: 23/29 MP: 3/3
  1224 | D:2      | Found Unop's Book Shop.
  1368 | D:2      | XOM is BORED!
  1368 | D:2      | XOM: polymorph hobgoblin -> adder
  1394 | D:2      | XOM: 3-stop teleportation journey
  1480 | D:2      | XOM: cloud trail
  1685 | D:2      | Noticed Sigmund
  1687 | D:2      | XOM: 1-stop teleportation journey
  1718 | D:2      | Killed Sigmund
  1719 | D:2      | Reached skill level 1 in Dodging
  1719 | D:2      | Gained mutation: You have sharp fingernails. [demonic
                  | ancestry]
  1719 | D:2      | Reached XP level 4. HP: 6/37 MP: 4/4
  1719 | D:2      | Reached XP level 5. HP: 7/42 MP: 5/5
  1725 | D:2      | XOM: give mutation
  1725 | D:2      | Gained mutation: You occasionally shout uncontrollably at
                  | your foes. [Xom's mischief]
  2577 | D:3      | XOM: polymorph orc -> gnoll
  2614 | D:3      | XOM: summons 1 hostile demon
  2753 | D:3      | XOM: draining
  2767 | D:3      | XOM: 3-stop teleportation journey
  2830 | D:3      | XOM: give mutations
  2830 | D:3      | Gained mutation: Armour fits poorly on your strangely
                  | shaped body. [Xom's mischief]
  2830 | D:3      | Gained mutation: You have a somewhat thin skeletal
                  | structure. (Dex +2, Stealth+) [Xom's mischief]
  2830 | D:3      | Lost mutation: You have a somewhat thin skeletal structure.
                  | (Dex +2, Stealth+) [Xom's mischief]
  2830 | D:3      | Gained mutation: You are clumsy. (Dex -2) [Xom's mischief]
  2855 | D:3      | XOM: draining
  2877 | D:3      | Noticed an ogre
  2884 | D:3      | Slain by an ogre

Illustrated notes

Levels and vault maps discovered:
D:1:      shiori_arrival_whats_in_store_for_you, layout_loops_ring,
          hellmonk_ecumenical_altar_watching_god, serial_shops,
          nicolae_lakefront_shop
D:2:      layout_basic, serial_shops, shop, minmay_misc_feat_square,
          kennysheep_generic_room_11, uniq_sigmund
D:3:      layout_basic, gammafunk_temple_overflow_claw, serial_bayou,
          serial_bayou_lagoon_a, serial_bayou_pond_d, serial_bayou_shore_b,
          serial_bayou_pond_d

Skill      XL: |  1  2  3 |
---------------+----------+-----
Long Blades    | 3 4 |  4.5
Armour         | 2 3 |  3.2
Fighting       | 4 |  4.0
Dodging        | 1 |  1.0
Throwing       | |  0.2
Stealth        | |  0.5
Spellcasting   | |  0.3

Action                   |  1- 3 |  4- 6 || total
-------------------------+-------+-------++-------
Melee: Falchion          |    60 |    47 ||   107
       Tailslap          |     6 |     5 ||    11
       Punch             |     1 |     1 ||     2
Throw: Stone             |     5 |     1 ||     6
 Cast: Magic Dart        |     3 |       ||     3
  Use: Scroll            |     2 |       ||     2
Armor: Leather armour    |    12 |       ||    12
       Plate armour      |    18 |    42 ||    60
Dodge: Dodged            |    15 |    17 ||    32

Table legend: (Time is in decaauts)
 A = Elapsed time spent in this place.
 B = Non-inter-level travel time spent in this place.
 C = Inter-level travel time spent in this place.
 D = Time resting spent in this place.
 E = Time spent auto-exploring this place.
 F = Levels seen in this place.
 G = Mean time per level.
                   A        B        C        D        E       F      G
               +--------+--------+--------+--------+--------+-----+--------+
         Total |   2902 |   2861 |     41 |    719 |   1293 |   3 |  967.3 |
       Dungeon |   2902 |   2861 |     41 |    719 |   1293 |   3 |  967.3 |
               +--------+--------+--------+--------+--------+-----+--------+

Top non-repeatable levels by time:
     D:2: 1416 daAuts
     D:1: 970 daAuts
     D:3: 514 daAuts
